 Dungeon Crawl Stone Soup version 0.32-a0-33-g74fbe469d6 (webtiles) character file.

Game seed: 1014066894035864360

388 lucassayen the Cleaver (level 6, -2/55 HPs)
             Began as a Hill Orc Monk on Jan 21, 2024.
             Was a Believer of Beogh.
             Slain by an adder (4 damage)
             ... on level 4 of the Dungeon.
             The game lasted 00:17:32 (3710 turns).

lucassayen the Cleaver (Hill Orc Monk)              Turns: 3710, Time: 00:17:34

Health: -2/55      AC:  0    Str: 16    XL:     6   Next: 79%
Magic:  3/6        EV: 11    Int:  7    God:    Beogh [**....]
Gold:   149        SH:  4    Dex: 17    Spells: 5/5 levels left

rFire   + . .        y - +0 hand axe (flame)
rCold   + . .        A - +0 buckler
rNeg    + . .        k - +0 ring mail
rPois   +            (no helmet)
rElec   .            w - scarf {rC+ rF+}
rCorr   .            q - +2 pair of gloves
SInv    +            (no boots)
Will    .....        (no amulet)
Stlth   +            n - ring of poison resistance
HPRegen 0.29/turn    g - ring of Secret {rN+ Int-3 Dex+4 SInv}
MPRegen 0.10/turn

%: no passive effects
@: corroded
A: no striking features
a: Renounce Religion, Smiting


You were on level 4 of the Dungeon.
You worshipped Beogh.
Beogh was pleased with you.
You visited 1 branch of the dungeon, and saw 5 of its levels.

You collected 149 gold pieces.

Inventory:

Hand Weapons
 y - a +0 hand axe of flaming (weapon)
Armour
 d - an orb of light
 k - a +0 ring mail (worn)
 q - a +2 pair of gloves (worn)
 w - a scarf of resistance (worn)
 A - a +0 buckler (worn)
Jewellery
 a - the ring "Nydept" {Fly rF+ Int+3}
   (You found it on level 4 of the Dungeon)

   [ring of flight]

   Int+3:     It affects your intelligence (+3).
   rF+:       It protects you from fire.
   Fly:       It grants you flight.
 g - the ring of Secret (right hand) {rN+ Int-3 Dex+4 SInv}
   (You found it on level 3 of the Dungeon)

   [ring of see invisible]

   Int-3:     It affects your intelligence (-3).
   Dex+4:     It affects your dexterity (+4).
   rN+:       It protects you from negative energy.
   SInv:      It lets you see invisible.
 n - a ring of poison resistance (left hand)
Talismans
 b - a beast talisman
Wands
 t - a wand of polymorph (6)
Scrolls
 f - a scroll of brand weapon {unknown}
 i - 2 scrolls of noise {unknown}
 j - 2 scrolls of teleportation {unknown}
 l - a scroll of poison {unknown}
 m - a scroll of vulnerability {unknown}
 p - 2 scrolls of fog {unknown}
 r - 2 scrolls of enchant armour {unknown}
 s - a scroll of identify {unknown}
Potions
 c - a potion of ambrosia
 e - a potion of haste {unknown}
 h - a potion of magic {unknown}
 o - a potion of degeneration {unknown}
 u - a potion of heal wounds {unknown}
 v - a potion of lignification {unknown}
 x - 2 potions of brilliance
 z - a potion of curing {unknown}


   Skills:
 + Level 4.8 Fighting
 * Level 8.0 Axes
 + Level 2.2 Armour
 - Level 2.6 Dodging
 - Level 1.4 Evocations


You had 5 spell levels left.
You didn't know any spells.
Your spell library contained the following spells:

 Spells                   Type           Power      Damage    Failure   Level
 Freeze                   Ice            0%         1d3       75%         1
 Shock                    Conj/Air       0%         1d3       75%         1
 Frozen Ramparts          Ice            0%         1d1       98%         3
 Hailstorm                Conj/Ice       0%         3d5       98%         3
 Swiftness                Air            0%         N/A       98%         3
 Airstrike                Air            0%         2d(0-16)  100%        4


Dungeon Overview and Level Annotations

Branches:
Dungeon (5/15)
 Temple: D:4-7

Altars:
Dithmenos


Message History

There is a stone staircase leading down here.
The adder attacks as it pursues you! The adder barely misses you.
The adder bites you. The adder attacks as it pursues you!
The adder barely misses you. The adder attacks as it pursues you!
The adder bites you. x2
* * * LOW HITPOINT WARNING * * *
Aiming: Polymorph
Press: ? - help, Shift-Dir - straight line, f - adder
Aim: an adder (will become a bat, a river rat, or a steam dragon, chance to affect: 62%)
Okay, then.
Cleave: y) +0 hand axe (flame)
Press: ? - help, Dir - move target, f - adder
Aim: an adder (about 48% to evade your +0 hand axe of flaming)
Okay, then.
Aiming: Smiting
Press: ? - help, Dir - move target, f - adder Smite: an adder You smite the adder!
The adder is almost dead.
The adder bites you.
* * * LOW HITPOINT WARNING * * *
The adder closely misses you.
Okay, then.
Aiming: Polymorph
Press: ? - help, Shift-Dir - straight line, f - black bear, p - adder
Aim: a black bear (will become a centaur, a basilisk, or a cane toad, chance to affect: 52%)
The black bear resists with significant effort.
The adder bites you.
* * * LOW HITPOINT WARNING * * *
The black bear bites you!
* * * LOW HITPOINT WARNING * * *
The black bear claws you.
* * * LOW HITPOINT WARNING * * *
The black bear closely misses you.
Aiming: Polymorph
Press: ? - help, Shift-Dir - straight line, f/p - black bear
Aim: a black bear (will become a centaur, a basilisk, or a cane toad, chance to affect: 52%)
The black bear resists with significant effort.
The adder bites you.
You die...

####
#........#.#.......###.#
#
......####>#........##.#
# ..#####
#.#######.#...# . .# #.#
##.##.# # #.# ##.##.#
#.# ##.#######...#.# #.#
#..........#...# #.#
#Sh#######...###
####.#### #@.# ......##
####.......# #..#
#.##### ..##)##.##.#
#..###.#
..##.##.##.#####......#
.................######
#.##.##.##.#######
#.......##.#
####.......# #########


You could see a black bear and an adder.

Vanquished Creatures
  A scorpion (D:5)
  A howler monkey (D:5)
  An orc priest (D:4)
  A sleepcap (D:4)
  2 orc wizards
  4 adders
  4 gnolls (D:4)
  2 ufetubi (D:5)
  2 ribbon worms
  2 dart slugs (D:1)
  13 orcs
  5 ball pythons
  7 endoplasms
  15 giant cockroaches
  4 goblins
  6 hobgoblins
  A quokka (D:4)
  2 bats (D:3)
  5 frilled lizards
  8 kobolds
  A rat (D:1)
87 creatures vanquished.

Vanquished Creatures (others)
  An orc (D:4)
1 creature vanquished.

Grand Total: 88 creatures vanquished

Notes
Turn   | Place    | Note
-------+----------+-------------------------------------------
     0 | D:1      | lucassayen the Hill Orc Monk began the quest for the Orb.
     0 | D:1      | Reached XP level 1. HP: 19/19 MP: 1/1
   249 | D:1      | Reached XP level 2. HP: 25/27 MP: 2/2
   655 | D:1      | Reached XP level 3. HP: 31/33 MP: 3/3
   931 | D:2      | Reached skill level 5 in Axes
  1597 | D:2      | Found a faded altar of an unknown god.
  1604 | D:2      | Reached skill level 1 in Evocations
  1604 | D:2      | Reached XP level 4. HP: 40/40 MP: 4/4
  2100 | D:3      | Found a shadowy altar of Dithmenos.
  2124 | D:3      | Identified the ring of Secret {rN+ Int-3 Dex+4 SInv}
  2184 | D:3      | Reached skill level 6 in Axes
  2507 | D:3      | Reached XP level 5. HP: 37/46 MP: 5/5
  2730 | D:4      | Identified the ring "Nydept" {Fly rF+ Int+3}
  2736 | D:4      | Became a worshipper of Beogh the Brigand
  2736 | D:4      | Reached * piety under Beogh
  2736 | D:4      | Reached ** piety under Beogh
  3056 | D:4      | Reached skill level 7 in Axes
  3064 | D:4      | Reached skill level 1 in Armour
  3103 | D:4      | Noticed a black bear
  3285 | D:4      | Reached XP level 6. HP: 49/53 MP: 6/6
  3651 | D:5      | Entered Level 5 of the Dungeon
  3676 | D:5      | Reached skill level 8 in Axes
  3709 | D:4      | HP: 1/55 [black bear (4)]
  3710 | D:4      | Slain by an adder

Illustrated notes

Levels and vault maps discovered:
D:1:      elethiomel_arrival_maze, layout_basic, serial_curves, eino_curves_02,
          eino_curves_01, hangedman_feature_mirror
D:2:      minmay_roachtagon, layout_loops_ring, serial_aquarium,
          aquarium_bridge_straight [aquarium_subvault_bridge,
          aquarium_subvault_wall, aquarium_subvault_bridge,
          aquarium_subvault_balcony], aquarium_bridge_square
          [aquarium_subvault_bridge, aquarium_subvault_bridge,
          aquarium_subvault_wall, aquarium_subvault_window], aquarium_window_2,
          aquarium_window_2, aquarium_window_1, aquarium_view_2b,
          aquarium_balcony_1b, basic_ecumenical_altar
D:3:      layout_rooms, mainiacjoe_overflow_cross_hatched, minivault_25
D:4:      layout_loops_ring, hangedman_abyss_or_decor_lesser_grid
D:5:      layout_cave_pools

Skill      XL: |  1  2  3  4  5  6 |
---------------+-------------------+-----
Axes           | 5 6 7 8 |  8.0
Evocations     | 1 |  1.4
Fighting       | 4 |  4.8
Armour         | 1 2 |  2.2
Dodging        | |  2.6

Action                     |  1- 3 |  4- 6 || total
---------------------------+-------+-------++-------
  Melee: Hand axe          |   133 |   159 ||   292
 Invoke: Convert to Beogh  |       |     1 ||     1
         Smiting           |       |     1 ||     1
  Evoke: Wand              |       |     2 ||     2
    Use: Potion            |       |     1 ||     1
 Armour: Leather armour    |    24 |       ||    24
         Ring mail         |    54 |   109 ||   163
  Dodge: Dodged            |    72 |    94 ||   166
  Block: Buckler           |       |     5 ||     5

Table legend: (Time is in decaauts)
 A = Elapsed time spent in this place.
 B = Non-inter-level travel time spent in this place.
 C = Inter-level travel time spent in this place.
 D = Time resting spent in this place.
 E = Time spent auto-exploring this place.
 F = Levels seen in this place.
 G = Mean time per level.
                   A        B        C        D        E       F      G
               +--------+--------+--------+--------+--------+-----+--------+
         Total |   3713 |   3073 |    640 |    260 |   1963 |   5 |  742.6 |
       Dungeon |   3713 |   3073 |    640 |    260 |   1963 |   5 |  742.6 |
               +--------+--------+--------+--------+--------+-----+--------+

Top non-repeatable levels by time:
     D:2: 1159 daAuts
     D:1: 933 daAuts
     D:4: 817 daAuts
     D:3: 755 daAuts
     D:5: 47 daAuts
